 Dungeon Crawl Stone Soup version 0.31.0-12-g77e489cdc1 (webtiles) character file.

Game seed: 9317440874330049618

112 Gadfly the Ruffian (level 4, 0/33 HPs)
             Began as a Demonspawn Shapeshifter on Mar 3, 2024.
             Slain by an orc
             ... wielding a +0 club
              (2 damage)
             ... on level 3 of the Dungeon.
             The game lasted 00:02:52 (2153 turns).

Gadfly the Ruffian (Demonspawn Shapeshifter)        Turns: 2153, Time: 00:02:52

Health: 0/33       AC: -1    Str: 17    XL:     4   Next: 63%
Magic:  4/4        EV: 12    Int: 10    God:
Gold:   136        SH:  0    Dex: 12    Spells: 3/3 levels left

rFire   . . .        b - +0 dagger (venom)
rCold   . . .        (no shield)
rNeg    . . .        a - +0 animal skin
rPois   .            i - +0 helmet
rElec   .            (no cloak)
rCorr   .            (no gloves)
SInv    .            (no boots)
Will    .....        l - amulet of the acrobat
Stlth   +            (no ring)
HPRegen 0.25/turn    (no ring)
MPRegen 0.09/turn

%: acrobat
@: corroded, attractive
A: demonic touch 1
a: no special abilities


You were on level 3 of the Dungeon.
You visited 1 branch of the dungeon, and saw 3 of its levels.

You collected 136 gold pieces.

Inventory:

Hand Weapons
 b - a +0 dagger of venom (weapon)
Armour
 a - a +0 animal skin (worn)
 i - a +0 helmet (worn)
Jewellery
 f - a ring of ice
 l - an amulet of the acrobat (around neck)
Talismans
 c - a beast talisman
 q - a flux talisman
Scrolls
 d - a scroll of noise {unknown}
Potions
 e - a potion of enlightenment
 g - a potion of might
 j - a potion of lignification
 n - a potion of degeneration {unknown}
 p - a potion of cancellation {unknown}


   Skills:
 + Level 1.7 Fighting
 + Level 2.3 Dodging
 * Level 3.4 Unarmed Combat
 * Level 2.2 Evocations
 + Level 3.0 Shapeshifting


You had 3 spell levels left.
You didn't know any spells.
Your spell library was empty.

Dungeon Overview and Level Annotations

Branches:
Dungeon (3/15)

Altars:

Shops:
D:2 [

Portals:
Sewer: D:3

Annotations:
D:3 Ijyb


Innate Abilities, Weirdness & Mutations

Your touch may inflict minor irresistible damage on your foes.


Message History

Ijyb is lightly wounded.
Ijyb hits you but does no damage. The orc hits you with a +0 club.
You hit Ijyb but do no damage.
Ijyb is lightly wounded.
Ijyb barely misses you. The orc hits you but does no damage.
The ball python barely misses you. The ball python grabs you.
The ball python constricts you.
You completely miss the ball python.
Ijyb zaps a wand.
The bolt of acid hits you! The acid corrodes you!
The ball python barely misses you. The ball python constricts you.
You are too injured to fight recklessly!
You are too injured to fight recklessly!
You are too injured to fight recklessly!
You are too injured to fight recklessly!
You are too injured to fight recklessly!
You are too injured to fight recklessly!
You are too injured to fight recklessly!
You are too injured to fight recklessly!
You are too injured to fight recklessly!
You are too injured to fight recklessly!
You are too injured to fight recklessly!
You are too injured to fight recklessly!
Unknown command.
You hit Ijyb but do no damage.
Ijyb looks as sick as possible!
Ijyb is moderately wounded.
Ijyb hits you with a +0 club.
* * * LOW HITPOINT WARNING * * *
The ball python bites you.
* * * LOW HITPOINT WARNING * * *
The ball python constricts you.
An orc comes into view. It is wielding a +0 short sword.
The orc hits you with a +0 club.
* * * LOW HITPOINT WARNING * * *
You escape the ball python's grasp.
The orc attacks as it pursues you! The orc closely misses you.
It was a potion of attraction.
You feel attractive to monsters.
Ijyb zaps a wand.
The bolt of acid misses you. The orc closely misses you.
The orc hits you with a +0 club.
You die...

........... .#
#......... ..#
#.....o..## ....
##.....#..#####...#
#.................#
##........#.........
..........#........#
#..go..#........#
#..@oS....##..###
#.......### .#
#..............#
###.............
#....#######..
#....#SBSB~#..
####.#~~∩~~+.#
#.#~~~~~#..
..#######.


You could see Ijyb (extremely poisoned), 2 adders, 3 orcs, 2 giant cockroaches
and a ball python.

Vanquished Creatures
  2 gnolls (D:1)
  4 adders (D:2)
  A ribbon worm (D:2)
  3 dart slugs
  2 orcs (D:3)
  4 ball pythons
  5 bats
  6 endoplasms
  A giant cockroach (D:1)
  4 goblins
  A hobgoblin (D:2)
  2 jackals (D:2)
  5 kobolds
  2 frilled lizards (D:2)
  6 rats
48 creatures vanquished.

Notes
Turn   | Place    | Note
-------+----------+-------------------------------------------
     0 | D:1      | Gadfly the Demonspawn Shapeshifter began the quest for the
                  | Orb.
     0 | D:1      | Reached XP level 1. HP: 15/15 MP: 1/1
   129 | D:1      | Gained mutation: Your touch may inflict minor irresistible
                  | damage on your foes. [demonic ancestry]
   129 | D:1      | Reached XP level 2. HP: 14/21 MP: 2/2
   204 | D:1      | Reached skill level 1 in Evocations
   309 | D:1      | Reached XP level 3. HP: 14/26 MP: 3/3
   886 | D:2      | Found Zatiffad's Armour Shoppe.
   932 | D:2      | Reached XP level 4. HP: 31/32 MP: 4/4
  1973 | D:2      | HP: 1/33 [adder (4)]
  2140 | D:3      | Found a glowing drain.
  2140 | D:3      | Noticed Ijyb
  2151 | D:3      | HP: 1/33 [orc/+0 club (5)]
  2153 | D:3      | Slain by an orc

Illustrated notes

Levels and vault maps discovered:
D:1:      dpeg_arrival_short_road, layout_rooms, nicolae_twisty_statue_hallways
D:2:      wad_lake_hut, layout_basic, serial_shops, shop
D:3:      layout_rooms, gup_sewer_entry_glass, serial_shops, nicolae_shop_trees,
          grunt_decor_cap, chequers_serial_rivers_small_b, uniq_ijyb

Skill      XL: |  1  2  3  4 |
---------------+-------------+-----
Dodging        | 2 |  2.3
Unarmed Combat | 3 |  3.4
Evocations     | 1 2 |  2.2
Shapeshifting  | 3 |  3.0
Fighting       | |  1.7

Action                     |  1- 3 |  4- 6 || total
---------------------------+-------+-------++-------
  Melee: Unarmed           |    46 |       ||    46
         Punch             |     1 |     1 ||     2
         Touch             |     9 |    10 ||    19
         Dagger            |     8 |    67 ||    75
Ability: Begin Untransform |     1 |       ||     1
    Use: Potion            |       |     4 ||     4
         Scroll            |       |     2 ||     2
   Stab: Sleeping          |     1 |       ||     1
         Distracted        |       |     1 ||     1
 Armour: Animal skin       |    26 |    32 ||    58
  Dodge: Dodged            |    28 |    51 ||    79
